 Dungeon Crawl Stone Soup version 0.29.0-11-gd7f09526c8 (webtiles) character file.

Game seed: 6204410986286252765

147 Shayle the Sneak (level 5, 0/32 HPs)
             Began as a Tengu Brigand on Sept 4, 2022.
             Slain by Pikel
             ... wielding a +0 whip of freezing
              (3 damage)
             ... on level 4 of the Dungeon.
             The game lasted 00:05:16 (2500 turns).

Shayle the Sneak (Tengu Brigand)                    Turns: 2500, Time: 00:05:17

Health: 0/32       AC:  3    Str: 12    XL:     5   Next: 29%
Magic:  8/8        EV: 15    Int: 13    God:
Gold:   79         SH:  0    Dex: 15    Spells: 7/7 levels left

rFire   . . .      SeeInvis .   f - +2 dagger (venom)
rCold   . . .      Faith    .   (no shield)
rNeg    . . .      Spirit   .   b - +0 robe
rPois   .          Reflect  .   (helmet restricted)
rElec   .          Harm     .   c - +0 cloak
rCorr   .          Rampage  .   (no gloves)
Will    .....                   (boots unavailable)
Stlth   +++.......              (no amulet)
HPRegen 0.10/turn               (no ring)
MPRegen 0.11/turn               (no ring)

@: flying quickly and evasively, quick
A: beak, talons 3, nimble flight
a: no special abilities


You were on level 4 of the Dungeon.
You visited 1 branch of the dungeon, and saw 4 of its levels.

You collected 79 gold pieces.

Inventory:

Hand Weapons
 f - a +2 dagger of venom (weapon)
Missiles
 d - 6 poisoned darts (quivered)
 e - 2 curare-tipped darts
Armour
 b - a +0 robe (worn)
 c - a +0 cloak (worn)
Scrolls
 a - a scroll of vulnerability {unknown}
 i - 2 scrolls of teleportation
 j - a scroll of blinking {unknown}
 m - 2 scrolls of amnesia {unknown}
Potions
 g - a potion of mutation
 h - a potion of attraction
 k - 2 potions of curing


   Skills:
 + Level 2.9 Fighting
 + Level 3.2 Short Blades
 - Level 2.0 Throwing
 + Level 2.5 Dodging
 + Level 4.6 Stealth
 + Level 1.7 Spellcasting


You had 7 spell levels left.
You didn't know any spells.
Your spell library contained the following spells:

 Spells                   Type           Power      Damage    Failure   Level
 Necrotise                Necr           4%         1d4       26%         1
 Vampiric Draining        Necr           1%         2d6       61%         3
 Agony                    Necr           1%         N/A       100%        5


Dungeon Overview and Level Annotations

Branches:
Dungeon (4/15)
 Temple: D:4-7

Altars:
Nemelex Xobeh
Sif Muna

Annotations:
D:4 Pikel


Innate Abilities, Weirdness & Mutations

You have a beak for a mouth.
You have claws for feet.
Your magical nature lets you fly swiftly and evasively.


Message History

Aim: Pikel, wielding a +0 whip of freezing and wearing a +0 robe (wandering, hasn't noticed you, 53% to hit)
You throw a curare-tipped dart. The curare-tipped dart hits Pikel.
Pikel is poisoned.
Pikel convulses.
Pikel seems to slow down.
Pikel shouts!
Pikel is lightly wounded.
You hear a shout!
Throw: 9 darts (poison)
Press: ? - help, Q - select action, (/) - cycle Shift-Dir - straight line, f/p - Pikel
Aim: Pikel, wielding a +0 whip of freezing and wearing a +0 robe (lightly wounded, very poisoned, slow, 53% to hit)
You throw a poisoned dart. The poisoned dart closely misses Pikel.
Throw: 8 darts (poison)
Press: ? - help, Q - select action, (/) - cycle Shift-Dir - straight line, f/p - Pikel
Aim: Pikel, wielding a +0 whip of freezing and wearing a +0 robe (lightly wounded, very poisoned, slow, 53% to hit)
You throw a poisoned dart. The poisoned dart hits Pikel.
Pikel looks even sicker.
Pikel is lightly wounded.
You hear the slow rusting of a drain nearby.
Throw: 7 darts (poison)
Press: ? - help, Q - select action, (/) - cycle Shift-Dir - straight line, f/p - Pikel
Aim: Pikel, wielding a +0 whip of freezing and wearing a +0 robe (lightly wounded, very poisoned, slow, 53% to hit)
You throw a poisoned dart. The poisoned dart hits Pikel.
Pikel looks as sick as possible!
Pikel is lightly wounded.
You barely miss Pikel. Your kick misses Pikel.
Pikel is lightly wounded.
Pikel closely misses you.
You barely miss Pikel.
Pikel is lightly wounded.
A worm comes into view.
There is a stone staircase leading up here.
Pikel hits you with a +0 whip of freezing.
Pikel freezes you.
You hit Pikel.
Pikel looks even sicker.
Pikel is severely wounded.
The lemure closely misses you.
Pikel hits you with a +0 whip of freezing!
* * * LOW HITPOINT WARNING * * *
Pikel freezes you.
You die...

# #. ....# .###.
#...## ....##....#
# #... ....
#.##...##.##
...........## #
......(.....##.##
........##5..#..#
.........#@.....#
.....)[.##K.....#
.###..#.<#..##### .
###.w......# ...
##....#.#....#
#...##...#####....#
#.....†)##### ..##
###.........##...#
#........?..5K.#


You could see Pikel (very poisoned) and a lemure.

Vanquished Creatures
  2 lemures (D:4)
  An orc priest (D:3)
  3 adders
  2 worms
  3 dart slugs
  3 orcs (D:3)
  7 endoplasms
  2 giant cockroaches
  8 goblins
  8 hobgoblins
  8 jackals
  A quokka (D:2)
  8 ball pythons
  3 bats
  5 frilled lizards
  4 kobolds
  5 rats (D:1)
73 creatures vanquished.

Notes
Turn   | Place    | Note
-------+----------+-------------------------------------------
     0 | D:1      | Shayle the Tengu Brigand began the quest for the Orb.
     0 | D:1      | Reached XP level 1. HP: 12/12 MP: 2/2
    50 | D:1      | Found a faded altar of an unknown god.
    83 | D:1      | Reached XP level 2. HP: 17/17 MP: 3/3
   369 | D:1      | Reached XP level 3. HP: 8/21 MP: 5/5
   765 | D:2      | Reached skill level 1 in Spellcasting
   915 | D:2      | Found a shimmering blue altar of Sif Muna.
  1084 | D:2      | Reached XP level 4. HP: 27/27 MP: 6/6
  2158 | D:3      | Gained mutation: Your magical nature lets you fly swiftly
                  | and evasively. [Tengu growth]
  2158 | D:3      | Reached XP level 5. HP: 26/32 MP: 8/8
  2307 | D:3      | Found a sparkling altar of Nemelex Xobeh.
  2427 | D:4      | Noticed Pikel
  2427 | D:4      | Noticed a lemure
  2427 | D:4      | Noticed a lemure
  2429 | D:4      | Noticed a lemure
  2429 | D:4      | Noticed a lemure
  2447 | D:4      | Killed a lemure
  2466 | D:4      | Killed a lemure
  2500 | D:4      | Slain by Pikel

Illustrated notes

Levels and vault maps discovered:
D:1:      dpeg_arrival_prison, layout_rooms, basic_ecumenical_altar
D:2:      layout_loops_ring, basic_altar
D:3:      layout_basic, nemelex_dance_club_becter, minmay_misc_feat_square
D:4:      layout_cave_pools, mainiacjoe_overflow_boulevard,
          gup_sewer_entry_spiral, uniq_pikel

Skill      XL: |  1  2  3  4 |
---------------+-------------+-----
Spellcasting   | 1 |  1.7
Dodging        | 2 |  2.5
Short Blades   | 3 |  3.2
Fighting       | |  2.9
Throwing       | |  2.0
Stealth        | |  4.6

Action                   |  1- 3 |  4- 6 || total
-------------------------+-------+-------++-------
Melee: Dagger            |    66 |    78 ||   144
       Kick              |    16 |    20 ||    36
       Peck              |     7 |    17 ||    24
Throw: Dart              |       |     4 ||     4
  Use: Scroll            |     3 |     3 ||     6
 Stab: Sleeping          |     9 |     9 ||    18
       Distracted        |     1 |       ||     1
Armor: Robe              |    13 |    12 ||    25
Dodge: Dodged            |    35 |    33 ||    68
